AoeStats
← Tonyshark

MegaRandom

509183863Analyzed
3v3 RM · 7d ago on Sep 25, 2026· 60m 12s· 6 players
Game mode
Random Map
Map size
Normal (6 player)
Population
200
Speed
Normal
Resources
Standard
Victory
Conquest
Starting age
Dark Age
Ending age
Imperial Age
RankedLock teamsTeams togetherTeam positionsShared explorationLock speedFull tech treeHidden civsTurbo modeCheats
Victory
Defeat
🇨🇳 Vietnamese · China
717
+8
🇨🇳 Berbers · China
630
+15
🇺🇸 Romans · United States
616
+11
🇮🇹 Lithuanians · Italy
621
-14
🇮🇹 Poles · Italy
475
-9
🇮🇹 Khmer · Italy
439
-7
KaputLand6596
0:30 Loom
12:55 Feudal Age
13:25 Double-Bit Axe
13:22 Horse Collar
14:20 Wheelbarrow
14:29 Man-at-Arms
20:04 Castle Age
21:35 Heavy Plow
21:07 Long Swordsman
23:13 Stone Mining
25:35 Pikeman
26:55 Squires
26:59 Scale Mail Armor
27:11 Gold Mining
32:07 Hand Cart
35:52 Imperial Age
34:18 Gold Shaft Mining
35:29 Ballistas
36:56 Conscription
36:58 Comitatenses
37:02 Legionary
37:41 Fletching
38:07 Chain Mail Armor
38:02 Forging
37:40 Heavy Scorpion
38:20 Murder Holes
38:51 Bow Saw
40:03 Ballistics
39:55 Masonry
39:52 Bodkin Arrow
40:11 Scale Barding Armor
40:43 Iron Casting
39:32 Elite Centurion
41:26 Siege Engineers
41:58 Chain Barding Armor
45:12 Bloodlines
45:03 Husbandry
45:42 Plate Barding Armor
46:08 Blast Furnace
46:05 Elite Genitour
51:18 Guilds
Monica
9:01 Loom
14:04 Feudal Age
16:31 Wheelbarrow
16:04 Double-Bit Axe
16:03 Horse Collar
26:56 Man-at-Arms
39:26 Castle Age
39:38 Castle Age
45:09 Hand Cart
45:09 Heavy Plow
45:32 Bow Saw
56:00 Caravan
56:31 Coinage
板蓝根
14:28 Feudal Age
15:05 Double-Bit Axe
15:05 Horse Collar
15:18 Gold Mining
21:45 Castle Age
19:45 Stone Mining
23:09 Wheelbarrow
22:50 Bow Saw
22:53 Heavy Plow
23:46 Stone Shaft Mining
23:30 Hand Cart
23:14 Pikeman
23:46 Loom
23:48 Town Watch
25:00 Squires
27:17 Town Patrol
35:47 Imperial Age
33:53 Light Cavalry
34:44 Bloodlines
35:58 Husbandry
35:49 Capped Ram
37:14 Crop Rotation
38:00 Two-Man Saw
37:01 Herbal Medicine
38:45 Halberdier
39:08 Onager
39:13 Elite Rattan Archer
41:49 Paper Money
45:04 Fletching
45:20 Scale Barding Armor
45:16 Scale Mail Armor
45:26 Forging
45:16 Padded Archer Armor
46:48 Elite Battle Elephant
46:51 Cavalier
47:32 Elite Skirmisher
51:01 Leather Archer Armor
50:42 Bodkin Arrow
51:22 Iron Casting
51:08 Chain Barding Armor
51:04 Chain Mail Armor
Avalkyr
11:41 Feudal Age
12:22 Double-Bit Axe
12:50 Horse Collar
15:17 Loom
18:12 Gold Mining
21:29 Castle Age
20:44 Stone Mining
23:16 Scale Barding Armor
23:22 Forging
23:54 Bloodlines
23:45 Husbandry
26:15 Fervor
28:09 Bow Saw
30:33 Sanctity
36:02 Chain Barding Armor
37:04 Wheelbarrow
38:16 Stone Shaft Mining
42:08 Hand Cart
47:02 Imperial Age
47:31 Ballistics
48:44 Plate Barding Armor
48:45 Iron Casting
53:13 Conscription
52:18 Elite Leitis
Jokerblak3
12:12 Feudal Age
10:53 Loom
13:30 Wheelbarrow
12:41 Town Watch
13:23 Double-Bit Axe
13:38 Horse Collar
19:35 Gold Mining
19:42 Stone Mining
21:48 Arson
21:24 Man-at-Arms
28:05 Forging
27:56 Scale Mail Armor
28:01 Scale Barding Armor
27:57 Padded Archer Armor
27:48 Fletching
33:23 Castle Age
36:17 Coinage
35:48 Caravan
36:08 Heavy Plow
38:13 Squires
37:34 Pikeman
37:34 Long Swordsman
38:45 Bloodlines
38:35 Husbandry
37:56 Light Cavalry
41:03 Iron Casting
42:03 Stone Shaft Mining
41:50 Chain Mail Armor
43:04 Hand Cart
42:50 Town Patrol
52:26 Imperial Age
Tonyshark
6:17 Loom
12:10 Feudal Age
12:59 Double-Bit Axe
12:58 Horse Collar
14:02 Gold Mining
18:51 Castle Age
19:42 Heavy Plow
19:57 Bow Saw
19:42 Stone Mining
21:06 Gold Shaft Mining
25:05 Wheelbarrow
26:29 Hand Cart
30:24 Stone Shaft Mining
36:39 Imperial Age
37:09 Caravan
37:40 Coinage
38:08 Tusk Swords
38:30 Conscription
39:15 Elite Skirmisher
41:43 Chemistry
41:05 Ballistics
44:10 Double Crossbow
45:27 Elite Ballista Elephant
47:49 Padded Archer Armor
47:39 Fletching
48:00 Forging
47:56 Scale Barding Armor
47:53 Scale Mail Armor
47:59 Heated Shot
57:34 Leather Archer Armor
Connection lost

Rejoining the realm…

Still unreachable

The connection could not be restored.

Session expired

The server has moved on; the page needs a fresh start.